 Dungeon Crawl Stone Soup version 0.32-a0-450-g080537f31e (webtiles) character file.

Game seed: 16858050857776416726

60 retardedninja the Covered (level 3, -3/49 HPs)
             Began as a Mountain Dwarf Fighter on Feb 23, 2024.
             Slain by a gnoll
             ... wielding a +0 spear
              (6 damage)
             ... on level 2 of the Dungeon.
             The game lasted 00:00:59 (798 turns).

retardedninja the Covered (Mountain Dwarf Fighter)   Turns: 798, Time: 00:01:00

Health: -3/49      AC: 21    Str: 20    XL:     3   Next: 82%
Magic:  3/3        EV:  2    Int:  8    God:
Gold:   48         SH:  4    Dex:  9    Spells: 2/2 levels left

rFire   . . .        a - +0 war axe
rCold   . . .        c - +0 buckler
rNeg    . . .        b - melded +0 scale mail
rPois   +            (helmet currently unavailable)
rElec   .            g - melded +0 cloak
rCorr   .            (gloves currently unavailable)
SInv    .            (boots currently unavailable)
Will    .....        (no amulet)
Stlth   +            (no ring)
HPRegen 0.28/turn    (no ring)
MPRegen 0.08/turn

%: no passive effects
@: mighty, tree-form
A: stationary, stasis, torment immunity, boosted hp, runic magic, artefact
enchanting
a: no special abilities


You were on level 2 of the Dungeon.
You were a tree.
You visited 1 branch of the dungeon, and saw 2 of its levels.

You collected 48 gold pieces.

Inventory:

Hand Weapons
 a - a +0 war axe (weapon)
Armour
 b - a +0 scale mail (melded)
 c - a +0 buckler (worn)
 g - a +0 cloak (melded)
Scrolls
 f - a scroll of brand weapon {unknown}
Potions
 h - a potion of enlightenment {unknown}


   Skills:
 + Level 3.8 Fighting
 + Level 3.3 Axes
 + Level 3.9 Armour
 + Level 3.8 Shields


You had 2 spell levels left.
You didn't know any spells.
Your spell library contained the following spells:

 Spells                   Type           Power      Damage    Failure   Level
 Ignite Poison            Fire/Alch      0%         N/A       99%         4
 Sticky Flame             Fire/Alch      0%         2d4       99%         4
 Ignition                 Fire           0%         3d3       100%        8


Dungeon Overview and Level Annotations

Branches:
Dungeon (2/15)

Altars:


Innate Abilities, Weirdness & Mutations

You are a tree.
Your roots penetrate the ground, keeping you stationary.
You cannot be teleported.
You are immune to unholy pain and torment.
Your maximum health is greatly increased.
Your equipment is partially melded.
Your spellcasting is much less encumbered by armour.
You can use scrolls of enchantment on lesser artefacts.


Message History

You feel very mighty all of a sudden.
The gnoll hits you with a +0 heavy flail!
You hit the gnoll but do no damage.
The gnoll hits you from afar with a +0 spear.
The gnoll barely misses you.
You slash the gnoll!
You kill the gnoll!
The gnoll barely misses you.
The gnoll hits you from afar with a +0 spear.
A gnoll comes into view. It is wielding a +0 spear.
The gnoll shouts!
You hear a shout!
The gnoll hits you but does no damage. x2
Things that are here:
a +0 heavy flail; a gnoll corpse A goblin comes into view.
It is wielding a +0 club.
The goblin shouts!
The gnoll hits you from afar with a +0 spear.
The gnoll hits you but does no damage. The gnoll hits you with a +0 spear.
You barely miss the gnoll. You slash the gnoll! You block the gnoll's attack.
The gnoll hits you with a +0 spear.
You completely miss the gnoll. You hit the gnoll.
You kill the gnoll!
You slash the goblin!
You kill the goblin!
The gnoll hits you with a +0 spear.
* * * LOW HITPOINT WARNING * * *
The gnoll hits you but does no damage.
The gnoll hits you from afar with a +0 spear.
* * * LOW HITPOINT WARNING * * *
The gnoll hits you with a +0 spear!
* * * LOW HITPOINT WARNING * * *
It was a potion of lignification.
You turn into a tree.
Your +0 cloak melds into your body.
Your +0 scale mail melds into your body.
Your roots penetrate the ground.
The gnoll hits you but does no damage.
You barely miss the gnoll. The gnoll completely misses you.
You hit the gnoll.
The gnoll is moderately wounded.
The gnoll hits you with a +0 spear.
You die...

#....).....# #...[....
#.#############.######
#.#..................#
#.#.#..########.###.##
#.#.#...#######...#.#
#.#.##............#.#
#.#......##########.#
#..)...........)....#
#######.##.####.♣######
#........†.# #)g#
#.#####.#..# #..#
#)#........#
#.#.####.... #.#.#
#..... #.#.# #.##...
..... .. .### #.#.# ###
.#


You could see a gnoll.

Vanquished Creatures
  2 gnolls (D:2)
  An adder (D:2)
  2 dart slugs
  2 ball pythons (D:1)
  An endoplasm (D:1)
  3 giant cockroaches
  3 hobgoblins (D:1)
  3 kobolds (D:1)
  3 quokkas
  A bat (D:1)
  4 goblins
  3 rats
28 creatures vanquished.

Notes
Turn   | Place    | Note
-------+----------+-------------------------------------------
     0 | D:1      | retardedninja the Mountain Dwarf Fighter began the quest
                  | for the Orb.
     0 | D:1      | Reached XP level 1. HP: 19/19 MP: 1/1
   182 | D:1      | Reached XP level 2. HP: 26/26 MP: 2/2
   634 | D:2      | Reached XP level 3. HP: 22/33 MP: 3/3
   795 | D:2      | HP: 1/33 [gnoll/+0 spear (7)]
   798 | D:2      | Slain by a gnoll

Illustrated notes

Levels and vault maps discovered:
D:1:      ldierk_walled_garden, layout_rooms, chequers_arboretum
D:2:      layout_basic

Skill      XL: |  1  2 |
---------------+-------+-----
Axes           | 3 |  3.3
Fighting       | |  3.8
Armour         | |  3.9
Shields        | |  3.8

Action                     || total
---------------------------++-------
  Melee: War axe           ||    84
    Use: Potion            ||     2
 Armour: Scale mail        ||    74
         Skin              ||     2
  Dodge: Dodged            ||    46
  Block: Buckler           ||    20

Table legend: (Time is in decaauts)
 A = Elapsed time spent in this place.
 B = Non-inter-level travel time spent in this place.
 C = Inter-level travel time spent in this place.
 D = Time resting spent in this place.
 E = Time spent auto-exploring this place.
 F = Levels seen in this place.
 G = Mean time per level.
                   A        B        C        D        E       F      G
               +--------+--------+--------+--------+--------+-----+--------+
         Total |    830 |    785 |     45 |      0 |    594 |   2 |  415.0 |
       Dungeon |    830 |    785 |     45 |      0 |    594 |   2 |  415.0 |
               +--------+--------+--------+--------+--------+-----+--------+

Top non-repeatable levels by time:
     D:1: 615 daAuts
     D:2: 215 daAuts
